 Dungeon Crawl Stone Soup version 0.22-a0-162-g33bf127 (webtiles) character file.

4 Amnesiac the Digger (level 1, -3/13 HPs)
             Began as a Mummy Earth Elementalist on Feb 12, 2018.
             Slain by Natasha (7 damage)
             ... on level 2 of the Dungeon.
             The game lasted 00:01:20 (316 turns).

Amnesiac the Digger (Mummy Earth Elementalist)       Turns: 316, Time: 00:01:21

Health: -3/13      AC:  2    Str: 11    XL:     1   Next: 58%
Magic:  0/4        EV: 12    Int: 14    God:
Gold:   5          SH:  0    Dex: 12    Spells: 4/5 levels left

rFire    x . .     SeeInvis .   a - +0 dagger (curse)
rCold    + . .     Gourm    .   (no shield)
rNeg     + + +     Faith    .   c - +0 robe
rPois    ∞         Spirit   .   (no helmet)
rElec    .         Reflect  .   (no cloak)
rCorr    +         Harm     .   (no gloves)
MR       +....                  (no boots)
Stlth    ++........             (no amulet)
HPRegen  0.04/turn              e - ring of protection from magic
MPRegen  0.09/turn              h - ring of resist corrosion

@: no status effects
A: no food or potions, fire vulnerability, cold resistance 1, negative energy
resistance 3, torment resistance, unbreathing
a: no special abilities


You were on level 2 of the Dungeon.
You were not hungry.

You visited 1 branch of the dungeon, and saw 2 of its levels.

You collected 5 gold pieces.

Inventory:

Hand Weapons
 a - a cursed +0 dagger (weapon)
 f - a cursed -1 short sword
Missiles
 b - 75 stones (quivered)
 g - 17 poisoned needles
Armour
 c - a +0 robe (worn)
 j - a +0 cloak
Jewellery
 e - a ring of protection from magic (left hand)
 h - a ring of resist corrosion (right hand)
Scrolls
 i - a scroll of remove curse {!r, unknown}
Books
 d - a book of Geomancy

   Spells                             Type                      Level
   a - Sandblast                      Earth                        1
   b - Passwall                       Transmutation/Earth          2
   c - Stone Arrow                    Conjuration/Earth            3
   d - Petrify                        Transmutation/Earth          4
   e - Lee's Rapid Deconstruction     Earth                        5


   Skills:
 - Level 1.5 Dodging
 - Level 1.5 Stealth
 - Level 2.6 Spellcasting
   Level 0.7 Transmutations
 + Level 2.7 Earth Magic


You had 4 spell levels left.
You knew the following spells:

 Your Spells              Type           Power        Failure   Level  Hunger
a - Sandblast             Erth           #.....       7%          1    N/A

Dungeon Overview and Level Annotations

Branches:
Dungeon (2/15)

Altars:

Annotations:
D:2 Natasha


Innate Abilities, Weirdness & Mutations

You do not eat or drink.
Your flesh is vulnerable to fire.
You are immune to poison.
Your flesh is cold resistant. (rC+)
You are immune to negative energy. (rN+++)
You are immune to unholy pain and torment.
You can survive without breathing.


Message History

Put on which piece of jewellery? (? for menu, Esc to quit)
h - a ring of resist corrosion (right hand)
Found a cloak.
Found a ring mail.
i - a scroll labeled TIVVUDW LIOF {!r}
There is a stone staircase leading down here.
Natasha, Servant of Life and Death comes into view.
Found a scroll labeled COEGUT LEIS.
You see here a cloak.
j - a cloak Natasha hisses angrily.
Natasha zaps a wand.
Some rock shatters into small pieces.
It is a wand of digging (11).
Casting: Sandblast (safe; 7% risk of failure)
Confirm with . or Enter, or press ? or * to list all spells.
Aiming: Sandblast (safe; 7% risk of failure)
Press: ? - help, Shift-Dir - straight line, f - Natasha
Aim: Natasha, carrying a wand of digging (11)
The blast of sand misses Natasha.
b - 78 stones Unknown command.
Casting: Sandblast (safe; 7% risk of failure)
Confirm with . or Enter, or press ? or * to list all spells.
Aiming: Sandblast (safe; 7% risk of failure)
Press: ? - help, Shift-Dir - straight line, f/p - Natasha
Aim: Natasha, carrying a wand of digging (11)
The blast of sand hits Natasha.
Natasha is lightly wounded.
b - 77 stones Unknown command.
Casting: Sandblast (safe; 7% risk of failure)
Confirm with . or Enter, or press ? or * to list all spells.
Aiming: Sandblast (safe; 7% risk of failure)
Press: ? - help, Shift-Dir - straight line, f/p - Natasha
Aim: Natasha, carrying a wand of digging (11) (lightly wounded)
The blast of sand hits Natasha.
Natasha is severely wounded.
b - 76 stones Natasha barely misses you.
Unknown command.
Casting: Sandblast (safe; 7% risk of failure)
Confirm with . or Enter, or press ? or * to list all spells.
Aiming: Sandblast (safe; 7% risk of failure)
Press: ? - help, Shift-Dir - straight line, f/p - Natasha
Aim: Natasha, carrying a wand of digging (11) (severely wounded)
The blast of sand hits Natasha.
Natasha is almost dead.
b - 75 stones Natasha claws you!
Ouch! That really hurt!
* * * LOW HITPOINT WARNING * * *
Casting: Sandblast (safe; 7% risk of failure)
Confirm with . or Enter, or press ? or * to list all spells.
You don't have enough magic to cast that spell.
Unknown command.
You hit Natasha but do no damage.
Natasha is almost dead.
Natasha casts a spell.
Unknown command.
Unknown command.
Unknown command.
Natasha claws you!
Ouch! That really hurt!
You die...

...........
.............## .#
..............##.#
................### .
.................#
..##......##..##...####
#.....#.....#.........
#.................##
##?...@.............#
#......h.............#
..###...[............#
#..5.............##
#..........>......##
........)............
####..................
##................#
################..


You could see Natasha and a shadow imp.

Vanquished Creatures
  A hobgoblin (D:1)
  A bat (D:1)
  A goblin (D:1)
  2 kobolds (D:1)
5 creatures vanquished.

Notes
Turn   | Place    | Note
-------+----------+-------------------------------------------
     0 | D:1      | Amnesiac the Mummy Earth Elementalist began the quest for the Orb.
     0 | D:1      | Reached XP level 1. HP: 13/13 MP: 4/4
   305 | D:2      | Noticed Natasha
   316 | D:2      | Slain by Natasha

Vault maps used:
D:1:      evilmike_arrival_come_back
D:2:      lemuel_doored_altar, okawaru_ov_weapons_minmay, minmay_misc_feat_x,
          uniq_natasha

Action                   || total
-------------------------++-------
Melee: Dagger            ||     2
 Cast: Sandblast         ||    13
Dodge: Dodged            ||     5

Table legend:
 A = Spawn XP
 B = Non-spawn XP
 C = Spawn XP percentage of total XP
 D = Spawn monster count
 E = Non-spawn monster count
 F = Spawn count percentage of total count
 G = Total turns spent on level
                    A         B        C        D         E        F      G
               +---------+---------+-------+---------+---------+-------+---------
         Total |       0 |       7 |   0.0 |       0 |       5 |   0.0 |   316
               +---------+---------+-------+---------+---------+-------+---------
           D:1 |       0 |       7 |   0.0 |       0 |       5 |   0.0 |   280
               +---------+---------+-------+---------+---------+-------+---------
